 Dungeon Crawl Stone Soup version 0.28-a0-1638-g9123634e07 (webtiles) character file.

Game seed: 1206998575487182509

645 YayAnonymity the Poker (level 7, -2/50 HPs)
             Began as a Demonspawn Gladiator on Jan 25, 2022.
             Slain by a river rat (4 damage)
             ... in a sewer.
             The game lasted 00:09:54 (5254 turns).

YayAnonymity the Poker (Demonspawn Gladiator)       Turns: 5254, Time: 00:09:54

Health: -2/50      AC:  9    Str: 16    XL:     7   Next: 27%
Magic:  7/7        EV: 11    Int:  9    God:
Gold:   222        SH:  0    Dex: 15    Spells: 6/6 levels left

rFire   . . .      SeeInvis .   a - +0 trident
rCold   . . .      Faith    .   (no shield)
rNeg    . . .      Spirit   .   h - +0 ring mail
rPois   .          Reflect  .   (helmet restricted)
rElec   .          Harm     .   p - +2 cloak
rCorr   .          Rampage  .   (no gloves)
Will    .....                   i - +0 pair of boots
Stlth   +.........              (no amulet)
HPRegen 0.16/turn               (no ring)
MPRegen 0.20/turn               (no ring)

@: invisible (expiring), very slow
A: horns 1, ignite blood 1, magic regeneration
a: no special abilities


You were in a sewer.
You visited 1 branch of the dungeon, and saw 4 of its levels.
You also visited: Sewer.

You collected 222 gold pieces.

Inventory:

Hand Weapons
 a - a +0 trident (weapon)
Missiles
 d - 2 throwing nets (quivered)
 k - 28 stones
Armour
 c - a +0 helmet
 h - a +0 ring mail (worn)
 i - a +0 pair of boots (worn)
 p - a +2 cloak (worn)
Wands
 r - a wand of iceblast (4)
Scrolls
 b - a scroll of blinking {unknown}
 e - a scroll of holy word {unknown}
 f - 6 scrolls of teleportation {unknown}
 g - 6 scrolls of identify
 s - a scroll of silence {unknown}
Potions
 l - 5 potions of flight
 m - a potion of attraction {unknown}
 n - a potion of mutation {unknown}
 o - a potion of ambrosia {unknown}
 q - a potion of curing {unknown}


   Skills:
 - Level 2.0 Fighting
 + Level 7.8 Polearms
 - Level 1.7 Throwing
 - Level 2.6 Dodging


You had 6 spell levels left.
You didn't know any spells.
Your spell library was empty.

Dungeon Overview and Level Annotations

Branches:
Dungeon (4/15)              Sewer (1/1)
 Temple: D:4-7

Altars:
Ru

Annotations:
D:2 1 runed translucent door, Crazy Yiuf


Innate Abilities, Weirdness & Mutations

You have a pair of small horns on your head.
Your demonic aura sometimes causes spilled blood to erupt in flames.
You regenerate magic rapidly.


Message History

Moving in this stuff is going to be slow. ...and don't expect to remain undetected.
The river rat closely misses you. The river rat barely misses you.
The river rat closely misses you.
Your unstable footing causes you to fumble your attack.
The river rat bites you.
Your unstable footing causes you to fumble your attack.
The river rat misses you.
The river rat bites you but does no damage.
You closely miss the river rat. Your headbutt misses the river rat.
The river rat is severely wounded.
The river rat barely misses you. The river rat completely misses you.
The river rat closely misses you.
Your unstable footing causes you to fumble your attack.
The river rat bites you but does no damage.
The river rat bites you.
* * * LOW HITPOINT WARNING * * *
The river rat closely misses you. The river rat bites you.
* * * LOW HITPOINT WARNING * * *
The river rat closely misses you. The river rat bites you.
* * * LOW HITPOINT WARNING * * *
The river rat barely misses you.
You flicker for a moment.
The river rat twitches its whiskers.
The river rat bites you.
* * * LOW HITPOINT WARNING * * *
The river rat closely misses you. The river rat bites you.
* * * LOW HITPOINT WARNING * * *
You fade further into invisibility.
The river rat misses you.
You enter the shallow water.
Moving in this stuff is going to be slow. ...and don't expect to remain undetected.
You flicker for a moment.
The river rat closely misses you. x2
The river rat bites you but does no damage.
The river rat bites you.
You die...

#≈≈≈###..# #≈≈≈#
#≈≈≈##...# #≈≈≈#
#≈≈≈###..## #≈≈≈# #
#≈≈≈# #≈≈.# #≈≈≈# ≈#
#≈≈≈# #≈≈.### #≈≈≈# ≈≈#
#≈≈≈###.≈≈#.###≈≈≈##≈≈≈#
#≈≈≈≈≈≈≈≈≈≈.≈≈≈≈.≈≈≈≈≈≈#
#≈≈≈≈≈≈≈≈≈≈≈≈≈≈≈r≈≈≈≈≈≈#
#.≈≈≈≈.≈≈≈≈≈≈.rr@.≈≈≈≈≈#
#≈≈≈################≈≈≈#
#.≈≈# #≈≈≈# #≈≈≈# #.≈≈#
#≈≈≈# #≈≈≈#
#≈≈≈################≈≈≈#
#≈≈≈≈≈≈≈.≈≈≈≈≈≈≈≈≈≈≈≈≈≈#
#≈≈.≈≈≈≈≈≈≈≈≈≈≈≈≈≈≈≈.≈≈#
#.≈≈≈≈≈.≈≈≈.≈≈..≈≈≈≈≈≈≈#


You could see 3 river rats.

Vanquished Creatures
  Grinder (D:3)
  An ogre (D:3)
  2 iguanas
  An orc wizard (D:2)
  Ijyb (D:3)
  Terence (D:2)
  7 adders
  5 river rats
  An ufetubus (D:4)
  An adder skeleton (D:4)
  7 worms
  2 dart slugs
  6 orcs
  5 endoplasms
  9 giant cockroaches
  7 hobgoblins
  3 jackals (Sewer)
  3 kobolds
  3 quokkas
  9 ball pythons
  14 bats
  5 frilled lizards
  6 goblins
  8 rats
108 creatures vanquished.

Notes
Turn   | Place    | Note
-------+----------+-------------------------------------------
     0 | D:1      | YayAnonymity the Demonspawn Gladiator began the quest for
                  | the Orb.
     0 | D:1      | Reached XP level 1. HP: 16/16 MP: 1/1
   205 | D:1      | Reached skill level 3 in Polearms
   301 | D:1      | Gained mutation: You regenerate magic rapidly. [demonic
                  | ancestry]
   301 | D:1      | Reached XP level 2. HP: 22/22 MP: 2/2
  1186 | D:2      | Gained mutation: Your demonic aura sometimes causes spilled
                  | blood to erupt in flames. [demonic ancestry]
  1186 | D:2      | Reached XP level 3. HP: 26/27 MP: 3/3
  1217 | D:2      | Reached skill level 4 in Polearms
  1514 | D:2      | Reached XP level 4. HP: 33/33 MP: 4/4
  1700 | D:2      | Found a faded altar of an unknown god.
  1749 | D:2      | Noticed Terence
  1768 | D:2      | Killed Terence
  1959 | D:2      | Found a runed translucent door.
  1960 | D:2      | Noticed Crazy Yiuf
  2294 | D:3      | Noticed Ijyb
  2297 | D:3      | Reached skill level 5 in Polearms
  2499 | D:2      | Reached XP level 5. HP: 38/38 MP: 5/5
  2511 | D:3      | Killed Ijyb
  2586 | D:3      | Noticed an ogre
  3020 | D:3      | Found a sacrificial altar of Ru.
  3382 | D:3      | Killed an ogre
  3383 | D:3      | Reached skill level 6 in Polearms
  3383 | D:3      | Reached XP level 6. HP: 44/44 MP: 6/6
  3418 | D:3      | Noticed Grinder
  3761 | D:3      | Paralysed by Grinder for 6 turns
  3769 | D:3      | Killed Grinder
  3770 | D:3      | Reached skill level 7 in Polearms
  4133 | D:4      | Gained mutation: You have a pair of small horns on your
                  | head. [demonic ancestry]
  4133 | D:4      | Reached XP level 7. HP: 49/50 MP: 7/7
  4257 | D:4      | Found a glowing drain.
  4536 | Sewer    | Entered a sewer
  5249 | Sewer    | HP: 1/50 [river rat (5)]
  5254 | Sewer    | Slain by a river rat

Illustrated notes

Levels and vault maps discovered:
D:1:      dpeg_arrival_arbitrary_c, layout_basic, serial_glass, glass_columns_a,
          glass_columns_a, minmay_pentomino_r2
D:2:      layout_rooms, hellmonk_ecumenical_altar_prayer_group,
          uniq_crazy_yiuf_cottage, uniq_terence
D:3:      layout_basic, old_standard_altar, chequers_serial_rivers_micro_a,
          uniq_grinder, uniq_ijyb
D:4:      layout_rooms, portal_sewer_entry_e
Sewer:    sewer_fruit_machine

Skill      XL: |  1  2  3  4  5  6 |
---------------+-------------------+-----
Polearms       | 3 4 5 6 7 |  7.8
Fighting       | |  2.0
Throwing       | |  1.7
Dodging        | |  2.6

Action                   |  1- 3 |  4- 6 |  7- 9 || total
-------------------------+-------+-------+-------++-------
Melee: Trident           |   116 |   139 |   168 ||   423
       Headbutt          |       |       |    20 ||    20
       Punch             |       |       |     1 ||     1
Throw: Throwing net      |       |     2 |       ||     2
  Use: Potion            |       |       |     2 ||     2
       Scroll            |       |       |     1 ||     1
 Stab: Held in net/web   |       |     3 |       ||     3
       Invisible         |       |       |     1 ||     1
Armor: Leather armour    |     2 |       |       ||     2
       Ring mail         |    26 |    30 |    65 ||   121
Dodge: Dodged            |    57 |    48 |   123 ||   228

Table legend: (Time is in decaauts)
 A = Elapsed time spent in this place.
 B = Non-inter-level travel time spent in this place.
 C = Inter-level travel time spent in this place.
 D = Time resting spent in this place.
 E = Time spent auto-exploring this place.
 F = Levels seen in this place.
 G = Mean time per level.
                   A        B        C        D        E       F      G
               +--------+--------+--------+--------+--------+-----+--------+
         Total |   5393 |   4987 |    406 |    905 |   2763 |   5 | 1078.6 |
       Dungeon |   4564 |   4158 |    406 |    635 |   2596 |   4 | 1141.0 |
         Sewer |    828 |    828 |      0 |    270 |    167 |   1 |  828.0 |
               +--------+--------+--------+--------+--------+-----+--------+

Top non-repeatable levels by time:
     D:2: 1601 daAuts
     D:3: 1522 daAuts
     D:1: 999 daAuts
   Sewer: 828 daAuts
     D:4: 440 daAuts
